 Dungeon Crawl Stone Soup version 0.18.1-48-g4cf74bf (webtiles) character file.

53 Gargoyl the Skirmisher (level 3, 0/29 HPs)
             Began as a Demonspawn Abyssal Knight on Aug 5, 2016.
             Was a Believer of Lugonu.
             Succumbed to Robin's poison
             ... on level 3 of the Dungeon.
             The game lasted 00:02:35 (1235 turns).

Gargoyl the Skirmisher (Demonspawn Abyssal Knight)  Turns: 1235, Time: 00:02:36

Health: 0/29       AC:  7    Str: 13    XL:     3   Next: 64%
Magic:  14/14      EV:  9    Int: 18    God:    Lugonu [**....]
Gold:   102        SH:  0    Dex: 12    Spells: 0 memorised, 2 levels left

rFire  . . .     SeeInvis .     a - +1 hand axe
rCold  . . .     Gourm    .     p - +0 scale mail
rNeg   . . .     Faith    .     (no shield)
rPois  .         Spirit   .     (no helmet)
rElec  .         Dismiss  .     d - +0 cloak
rCorr  .         Reflect  .     (no gloves)
SustAt .         Harm     .     (no boots)
MR     .....                    (no amulet)
Stlth  ..........               (no ring)
                                j - ring of magical power

@: brilliant, lethally poisoned (0 -> -15), not resistant to hostile
enchantments, extremely unstealthy
A: demonic guardian 1
a: Depart the Abyss, Bend Space, Renounce Religion


You were on level 3 of the Dungeon.
You worshipped Lugonu.
Lugonu was pleased with you.
You were very hungry.

You visited 1 branch of the dungeon, and saw 3 of its levels.
You visited the Abyss 1 time.

You collected 102 gold pieces.

Inventory:

Hand Weapons
 a - a +1 hand axe (weapon)
Missiles
 g - 5 tomahawks (quivered)
Armour
 d - a +0 cloak (worn)
 p - a +0 scale mail (worn)
Jewellery
 j - a ring of magical power (left hand)
Scrolls
 e - a scroll of recharging
 f - a scroll of remove curse {unknown}
 h - a scroll of identify {unknown}
 i - a scroll of magic mapping
 k - a scroll of amnesia
Comestibles
 c - a bread ration
 l - a meat ration
 n - a beef jerky


   Skills:
 + Level 3.5 Fighting
 + Level 2.2 Axes
 * Level 2.6 Armour
 + Level 1.1 Dodging
 + Level 2.7 Invocations


You had 2 spell levels left.
You didn't know any spells.

Dungeon Overview and Level Annotations

Branches:
Dungeon (3/15)

Altars:


Innate Abilities, Weirdness & Mutations

A weak demonic guardian rushes to your aid.


Message History

You feel sick.
Things that are here:
a whip of venom; an animal skin; a helmet
* * * LOW HITPOINT WARNING * * *
You feel sick.
* * * LOW HITPOINT WARNING * * *
You feel sick.
Things that are here:
a whip of venom; an animal skin; a helmet You aren't carrying any potions.
Unknown command.
* * * LOW HITPOINT WARNING * * *
You feel sick.
* * * LOW HITPOINT WARNING * * *
You feel sick.
* * * LOW HITPOINT WARNING * * *
You feel sick.
* * * LOW HITPOINT WARNING * * *
You feel sick.
You die...

#.# ..# # #.#
#.# #.#####.#
#.#
........####.#
.............##
..............#
..............#
.......@......#
.....?......).#
............<.#
.....##########
..... .... ...
...


There were no monsters in sight!

Vanquished Creatures
  Robin (D:3)
  An adder (D:2)
  3 giant cockroaches (D:1)
  10 goblins
  3 hobgoblins
  4 jackals (D:2)
  2 giant newts (D:2)
  A kobold (D:1)
  2 rats (D:1)
27 creatures vanquished.

Vanquished Creatures (collateral kills)
  2 dart slugs (D:2)
  3 goblins (D:2)
5 creatures vanquished.

Grand Total: 32 creatures vanquished

Notes
Turn   | Place    | Note
--------------------------------------------------------------
     0 | Abyss:1  | Gargoyl the Demonspawn Abyssal Knight began the quest for the Orb.
     0 | Abyss:1  | Reached XP level 1. HP: 18/18 MP: 2/2
    75 | Abyss:1  | Noticed a small abomination
    92 | D:1      | Escaped the Abyss
   448 | D:1      | Reached * piety under Lugonu
   522 | D:1      | Gained mutation: A weak demonic guardian rushes to your aid. [demonic ancestry]
   522 | D:1      | Reached XP level 2. HP: 24/24 MP: 3/3
   911 | D:2      | Reached skill level 1 in Dodging
   988 | D:2      | Reached XP level 3. HP: 16/29 MP: 4/4
  1187 | D:2      | Noticed Robin
  1207 | D:2      | Reached ** piety under Lugonu
  1227 | D:3      | Killed Robin
  1234 | D:3      | HP: 1/29 [poisoned by Robin]
  1235 | D:3      | Succumbed to Robin's poison

Skill      XL: |  1  2 |
---------------+-------+-----
Armour         | 2 |  2.6
Dodging        | 1 |  1.1
Axes           | 2 |  2.2
Fighting       | |  3.5
Invocations    | |  2.7

Action                   || total
-------------------------++-------
Melee: Hand axe          ||    70
Throw: Tomahawk          ||     2
Invok: Depart the Abyss  ||     1
  Use: Scroll            ||     3
       Potion            ||     2
Armor: Leather armour    ||    25
       Scale mail        ||    14
Dodge: Dodged            ||    43
